 Dungeon Crawl Stone Soup version 0.24-a0-445-gd5110b030a (webtiles) character file.

Game seed: 9978203620272424016

131 Atelerd the Skirmisher (level 5, -2/42 HPs)
             Began as a Human Chaos Knight on Apr 5, 2019.
             Was a Plaything of Xom.
             Succumbed to Ijyb's poison
             ... on level 4 of the Dungeon on June 22, 2019.
             The game lasted 00:35:18 (2884 turns).

Atelerd the Skirmisher (Human Chaos Knight)         Turns: 2884, Time: 00:35:18

Health: -2/42      AC: 14    Str: 12    XL:     5   Next: 37%
Magic:  5/5        EV:  3    Int: 18    God:    Xom [....*.]
Gold:   150        SH:  3    Dex: 13    Spells: 4/4 levels left

rFire    . . .     SeeInvis .   q - +2 long sword (slice)
rCold    . . .     Gourm    .   (no shield)
rNeg     . . .     Faith    .   l - +0 plate armour
rPois    .         Spirit   .   v - +2 helmet
rElec    .         Reflect  +   (no cloak)
rCorr    .         Harm     .   (no gloves)
MR       .....                  (no boots)
Stlth    ..........             p - +3 amulet of reflection
HPRegen  0.14/turn              u - ring of flight
MPRegen  0.09/turn              (no ring)

@: brilliant, lethally poisoned (-2 -> -17), berserk cooldown, slowed, very slow
A: no striking features
a: Renounce Religion, Evoke Flight


You were on level 4 of the Dungeon.
You worshipped Xom.
You were a beloved toy of Xom.
You were hungry.

You visited 1 branch of the dungeon, and saw 4 of its levels.

You collected 150 gold pieces.

Inventory:

Hand Weapons
 a - a +0 spear of chaos
 d - a +0 club
 e - a +0 club
 f - a +2 mace of draining
 j - a +2 whip of electrocution
 m - a +0 spear of piercing
 q - a +2 long sword of slicing (weapon)
Missiles
 w - 21 arrows
Armour
 b - a +2 leather armour
 l - a +0 plate armour (worn)
 r - a +0 helmet
 v - a +2 helmet (worn)
Jewellery
 p - a +3 amulet of reflection (around neck)
 u - a ring of flight (left hand)
 x - an uncursed amulet of inaccuracy
Scrolls
 g - 2 scrolls of teleportation
 i - a scroll of random uselessness {unknown}
 k - a scroll of remove curse
 n - a scroll of magic mapping {unknown}
 o - a scroll of enchant weapon {unknown}
Potions
 h - a potion of brilliance
Comestibles
 c - 7 rations


   Skills:
 * Level 4.1 Fighting
 + Level 0.7 Long Blades
 - Level 1.0 Maces & Flails
 - Level 3.3 Polearms
 * Level 3.1 Armour
 - Level 2.0 Dodging


You had 4 spell levels left.
You didn't know any spells.
Your spell library was empty.

Dungeon Overview and Level Annotations

Branches:
Dungeon (4/15)
 Temple: D:4-7

Altars:
Dithmenos
Kikubaaqudgha

Annotations:
D:3 Grinder
D:4 Ijyb


Message History

You are poisoned.
You climb downwards.
You feel sick.
There is a stone staircase leading up here.
You feel sick. The goblin hits you with a +0 dagger.
* * * LOW HITPOINT WARNING * * *
Ijyb hits you but does no damage.
You are lethally poisoned!
The goblin hits you but does no damage.
* * * LOW HITPOINT WARNING * * *
You feel sick.
Okay, then.
* * * LOW HITPOINT WARNING * * *
You feel sick. Ijyb hits you but does no damage.
You are more poisoned.
* * * LOW HITPOINT WARNING * * *
You feel sick.
You hit Ijyb.
Ijyb is heavily wounded.
You die...
Xom cackles wildly!

#. #.
#####. ..
..#.. #.
#.#.# #.
#.#.### #.
##.....#
#.##...#
#.@gg#.#
#.##..<#
#.
##.....#
..
.....###
##.###.###
#. ..# ..
#### #.


You could see Ijyb and a goblin.

Vanquished Creatures
  6 adders
  A dart slug (D:3)
  4 leopard geckos
  3 orcs (D:3)
  A ball python (D:1)
  8 bats
  4 giant cockroaches
  11 goblins
  6 hobgoblins
  2 quokkas
  A ball python skeleton (D:3)
  5 frilled lizards
  9 kobolds
  7 rats
68 creatures vanquished.

Notes
Turn   | Place    | Note
-------+----------+-------------------------------------------
     0 | D:1      | Atelerd the Human Chaos Knight began the quest for the Orb.
     0 | D:1      | Reached XP level 1. HP: 18/18 MP: 1/1
   106 | D:1      | XOM: divination: detect creatures
   301 | D:1      | Reached XP level 2. HP: 22/24 MP: 2/2
   515 | D:1      | XOM: divination: detect items
   637 | D:1      | XOM: potion effect (heal wounds)
   639 | D:1      | Reached XP level 3. HP: 27/29 MP: 3/3
  1057 | D:1      | Upgraded the game from 0.24-a0-235-g3f03afcf10 to
                  | 0.24-a0-434-gd57e52fea8
  1057 | D:1      | Upgraded the game from 0.24-a0-434-gd57e52fea8 to
                  | 0.24-a0-445-gd5110b030a
  1450 | D:2      | XOM: god gift: 19 gold pieces
  1456 | D:2      | Reached XP level 4. HP: 26/36 MP: 4/4
  1503 | D:2      | XOM is BORED!
  1576 | D:2      | Reached skill level 1 in Maces & Flails
  1966 | D:2      | XOM: cloud trail
  2005 | D:3      | XOM: divination: detect items
  2152 | D:3      | Found a shadowy altar of Dithmenos.
  2152 | D:3      | Found an ancient bone altar of Kikubaaqudgha.
  2378 | D:3      | XOM: god gift: 21 arrows
  2480 | D:3      | XOM: mild Tmut miscast
  2497 | D:3      | Reached XP level 5. HP: 41/42 MP: 5/5
  2510 | D:3      | XOM: medium Fire miscast
  2511 | D:3      | Reached skill level 4 in Fighting
  2843 | D:3      | Noticed Ijyb
  2844 | D:3      | Noticed Grinder
  2845 | D:3      | Paralysed by Ijyb for 6 turns
  2863 | D:3      | Paralysed by Grinder for 5 turns
  2870 | D:3      | Paralysed by Ijyb for 3 turns
  2876 | D:3      | HP: 1/42 [poisoned by Ijyb]
  2883 | D:4      | HP: 1/42 [poisoned by Ijyb]
  2884 | D:4      | Succumbed to Ijyb's poison

Levels and vault maps discovered:
D:1:      lightli_iron_boxes, layout_basic
D:2:      layout_basic, first_ration, feat_on_display
D:3:      minmay_bubble_buster, layout_loops_cross,
          gammafunk_temple_overflow_wave, uniq_ijyb, uniq_grinder
D:4:      layout_loops_ring, kennysheep_mini_moat, serial_shops, shop,
          uniq_eustachio, uniq_blork_the_orc, uniq_edmund

Skill      XL: |  1  2  3  4  5 |
---------------+----------------+-----
Maces & Flails | 1 |  1.0
Dodging        | 2 |  2.0
Fighting       | 4 |  4.1
Armour         | 3 |  3.1
Long Blades    | |  0.7
Polearms       | |  3.3

Action                   |  1- 3 |  4- 6 || total
-------------------------+-------+-------++-------
Melee: Spear             |    45 |       ||    45
       Mace              |    44 |       ||    44
       Whip              |    11 |       ||    11
       Long sword        |       |   140 ||   140
  Use: Potion            |       |     4 ||     4
       Scroll            |       |     3 ||     3
  Eat: Chunk             |     2 |     4 ||     6
Armor: Leather armour    |    15 |       ||    15
       Plate armour      |    25 |   193 ||   218
Dodge: Dodged            |    59 |    23 ||    82
Block: Other             |     4 |    22 ||    26
       Rpst.: Long sword |       |     4 ||     4

Table legend:
 A = Non-vault XP
 B = Vault XP
 C = Vault XP percentage of total XP
 D = Non-vault monster count
 E = Vault monster count
 F = Vault count percentage of total count
                 A         B        C        D         E       F
            +---------+---------+-------+---------+---------+-------
      Total |     148 |      40 |  21.3 |      58 |      10 |  14.7
            +---------+---------+-------+---------+---------+-------
        D:1 |      39 |       0 |   0.0 |      24 |       0 |   0.0
        D:2 |      71 |       0 |   0.0 |      15 |       0 |   0.0
        D:3 |      38 |      40 |  51.3 |      19 |      10 |  34.5
            +---------+---------+-------+---------+---------+-------
